 Dungeon Crawl Stone Soup version 0.30-a0-1066-g63dfefce0d (webtiles) character file.

Game seed: 15292111132127405300

814 BlueFish the Sneak (level 7, -11/49 HPs)
             Began as an Octopode Fighter on Apr 12, 2023.
             Mangled by Edmund
             ... wielding a +3 dire flail of protection
              (15 damage)
             ... on level 4 of the Dungeon.
             The game lasted 00:07:20 (3365 turns).

BlueFish the Sneak (Octopode Fighter)               Turns: 3365, Time: 00:07:20

Health: -11/49     AC:  1    Str: 17    XL:     7   Next: 93%
Magic:  8/8        EV: 13    Int: 11    God:
Gold:   207        SH:  0    Dex: 11    Spells: 5/7 levels left

rFire   . . .      SeeInvis .    v - +2 whip (drain)
rCold   . . .      Faith    .    b - +1 buckler
rNeg    . . .      Spirit   .    (helmet restricted)
rPois   .          Reflect  .    (no amulet)
rElec   .          Rampage  .    (no ring)
rCorr   .                        (no ring)
Will    .....                    (no ring)
Stlth   ++                       (no ring)
HPRegen 0.28/turn                (no ring)
MPRegen 0.11/turn                (no ring)
                                 (no ring)
                                 (no ring)

@: confused, hasted, very quick
A: almost no armour, amphibious, 8 rings, camouflage 1, gelatinous body 1,
(nimble swimmer 1), tentacles
a: no special abilities


You were on level 4 of the Dungeon.
You visited 1 branch of the dungeon, and saw 4 of its levels.
You also visited: Sewer.

You collected 207 gold pieces.

Inventory:

Hand Weapons
 a - a +0 flail
 v - a +2 whip of draining (weapon)
 w - a +0 mace
Missiles
 d - 49 stones (quivered)
 k - 5 poisoned darts
Armour
 b - a +1 buckler (worn)
Scrolls
 g - a scroll of brand weapon {unknown}
 i - a scroll of enchant armour
 j - 2 scrolls of teleportation {unknown}
 l - 2 scrolls of amnesia {unknown}
 o - 2 scrolls of fog {unknown}
 q - a scroll of vulnerability {unknown}
 s - 2 scrolls of magic mapping {unknown}
 t - 3 scrolls of noise
 x - a scroll of immolation {unknown}
 y - a scroll of enchant weapon {unknown}
 z - a scroll of acquirement {unknown}
 A - 2 scrolls of identify
Potions
 c - a potion of might
 e - 7 potions of flight
 f - 3 potions of attraction
 h - a potion of lignification
 m - 5 potions of haste
 n - a potion of resistance
 p - a potion of berserk rage
 r - 2 potions of mutation
 u - a potion of heal wounds {unknown}


   Skills:
 + Level 4.4 Fighting
 + Level 3.9 Maces & Flails
 + Level 1.0 Throwing
 + Level 4.3 Dodging
 * Level 6.7 Stealth
 + Level 4.4 Shields
 + Level 0.9 Spellcasting
 + Level 0.9 Translocations


You had 5 spell levels left.
You knew the following spells:

 Your Spells              Type           Power      Damage    Failure   Level
a - Blink                 Tloc           4%         N/A       41%         2

Your spell library contained the following spells:

 Spells                   Type           Power      Damage    Failure   Level
 Shock                    Conj/Air       0%         1d3       38%         1
 Sublimation of Blood     Necr           0%         N/A       54%         2
 Wereblood                Tmut           0%         N/A       54%         2
 Frozen Ramparts          Ice            0%         1d1       77%         3
 Swiftness                Air            0%         N/A       77%         3
 Manifold Assault         Tloc           2%         N/A       96%         4
 Airstrike                Air            0%         2d(0-16)  99%         4
 Ice Form                 Ice/Tmut       0%         N/A       99%         4
 Summon Ice Beast         Ice/Summ       0%         N/A       99%         4
 Storm Form               Tmut/Air       0%         N/A       100%        7
 Summon Hydra             Summ           0%         N/A       100%        7


Dungeon Overview and Level Annotations

Branches:
Dungeon (4/15)              Sewer (visited)
 Temple: D:4-7

Altars:
Gozag
The Shining One

Annotations:
D:4 Dowan, Edmund


Innate Abilities, Weirdness & Mutations

You cannot wear most types of armour.
You are amphibious.
You can wear up to eight rings at the same time.
Your skin changes colour to match your surroundings (Stealth+).
Your rubbery body absorbs attacks. (AC +1, EV +1)
((You are camouflaged when in or above water. (Stealth+)))
You have tentacles for arms and can constrict up to eight enemies at once.


Message History

Edmund drinks a potion.
Edmund is healed!
Edmund looks more healthy.
Throw: 9 darts (poison)
Press: ? - help, Shift-Dir - straight line, f/p - Edmund
Aim: Edmund, wielding a +3 dire flail of protection, wearing a +0 chain mail and carrying a wand of light (7) (65% to hit)
You throw a poisoned dart. The poisoned dart barely misses Edmund.
Throw: 8 darts (poison)
Press: ? - help, Shift-Dir - straight line, f/p - Edmund
Aim: Edmund, wielding a +3 dire flail of protection, wearing a +0 chain mail and carrying a wand of light (7) (65% to hit)
You throw a poisoned dart. The poisoned dart hits Edmund.
Edmund is poisoned.
Throw: 7 darts (poison)
Press: ? - help, Shift-Dir - straight line, f/p - Edmund
Aim: Edmund, wielding a +3 dire flail of protection, wearing a +0 chain mail and carrying a wand of light (7) (poisoned, 65% to hit)
You throw a poisoned dart. The poisoned dart hits Edmund.
Edmund looks even sicker.
Edmund zaps a wand.
The bolt of light hits you!!
You are confused.
Non-targeted confused throw: 6 darts (poison)
Press: ? - help, Dir - look around, f - activate You throw a poisoned dart.
You feel less confused.
Things that are here:
a +0 short sword; a +0 chain mail You start resting.
An orc is nearby!
You barely miss the orc. You grab the orc. You squeeze the orc!
You kill the orc!
Edmund closely misses you.
Items here: )) [ †.
You hit Edmund but do no damage. Your grab misses Edmund.
Edmund is lightly wounded.
Edmund gestures with his flail.
Edmund zaps a wand.
The bolt of light hits you!
You are confused.
You hit Edmund but do no damage. Your squeeze misses Edmund.
Edmund is lightly wounded.
Edmund hits you with a +3 dire flail of protection!
* * * LOW HITPOINT WARNING * * *
You feel yourself speed up.
Edmund hits you with a +3 dire flail of protection!
You die...

#.....##...(.......
#.
###.######...(.......
#.
#....................
..
#.#.#######..........
##. #.#.# #..w.......
#.#.# ##.#######.
#.#.# #(#
#.#.########@# #
#.#........@.#
.###.#.############
...............
####.##.#######
#.#.......#
#...(##..#.#
#....#...#.#
#....##....#
#....###.###


You could see Edmund (poisoned) and a worm.

Vanquished Creatures
  Eustachio (D:4)
  Duvessa (D:4)
  A phantom (D:4)
  Blork the orc (D:4)
  2 scorpions (D:4)
  Crazy Yiuf (D:3)
  4 gnolls (D:3)
  8 adders
  5 river rats (Sewer)
  2 worms (Sewer)
  A dart slug (D:2)
  16 orcs
  13 bats
  10 endoplasms
  6 giant cockroaches
  7 goblins
  7 hobgoblins
  18 jackals
  4 kobolds
  2 quokkas (D:1)
  6 ball pythons
  9 frilled lizards
  6 rats
131 creatures vanquished.

Vanquished Creatures (others)
  A plant (D:4)
1 creature vanquished.

Grand Total: 132 creatures vanquished

Notes
Turn   | Place    | Note
-------+----------+-------------------------------------------
     0 | D:1      | BlueFish the Octopode Fighter began the quest for the Orb.
     0 | D:1      | Reached XP level 1. HP: 16/16 MP: 1/1
    22 | D:1      | Reached skill level 1 in Stealth
    40 | D:1      | Reached XP level 2. HP: 20/21 MP: 2/2
   267 | D:1      | Reached skill level 2 in Stealth
   267 | D:1      | Reached XP level 3. HP: 13/26 MP: 3/3
   529 | D:2      | Found a faded altar of an unknown god.
   613 | D:2      | Reached XP level 4. HP: 31/31 MP: 4/4
   691 | D:2      | Identified the +0 leather armour of the Land of Plenty
                  | {Harm rF+ Dex+3}
   715 | D:2      | Reached skill level 3 in Stealth
  1065 | D:3      | Found a glowing golden altar of the Shining One.
  1293 | D:3      | Found an opulent altar of Gozag.
  1358 | D:3      | Reached XP level 5. HP: 30/36 MP: 5/5
  1375 | D:3      | Reached skill level 4 in Stealth
  1837 | D:3      | Found a runed translucent door.
  1838 | D:3      | Noticed Crazy Yiuf
  1848 | D:3      | Killed Crazy Yiuf
  1982 | D:4      | Noticed Eustachio
  1992 | D:4      | Killed Eustachio
  1993 | D:4      | Reached skill level 5 in Stealth
  1993 | D:4      | Reached XP level 6. HP: 29/43 MP: 6/6
  2112 | D:4      | Noticed Edmund
  2167 | D:4      | Reached XP level 7. HP: 48/48 MP: 7/7
  2205 | D:4      | Found a glowing drain.
  2210 | Sewer    | Entered a sewer
  2505 | Sewer    | Reached skill level 6 in Stealth
  2896 | D:4      | Learned a level 2 spell: Blink
  3043 | D:4      | Noticed Blork the orc
  3056 | D:4      | Killed Blork the orc
  3289 | D:4      | Noticed Dowan
  3291 | D:4      | Noticed Duvessa
  3309 | D:4      | Killed Duvessa
  3310 | D:4      | Reached skill level 1 in Throwing
  3365 | D:4      | Mangled by Edmund

Illustrated notes

Levels and vault maps discovered:
D:1:      onia_arrival_pyramid, layout_rooms, minmay_hexomino_p4
D:2:      layout_rooms, ebering_ecumenical_altar_mist, minmay_unequal
D:3:      layout_loops_ring, grunt_gozag_statues,
          nicolae_overflow_crystal_walls, uniq_crazy_yiuf_cottage
D:4:      layout_basic, portal_sewer_entry_e, roderic_serpentine_path,
          serial_bayou_pond_a, uniq_blork_the_orc, uniq_edmund, uniq_grinder,
          uniq_duvessa, uniq_eustachio

Skill      XL: |  1  2  3  4  5  6  7 |
---------------+----------------------+-----
Stealth        | 1 2 3 5 6 |  6.7
Maces & Flails | 3 |  3.9
Fighting       | 4 |  4.4
Shields        | 4 |  4.4
Dodging        | 4 |  4.3
Throwing       | 1 |  1.0
Spellcasting   | |  0.9
Translocations | |  0.9

Action                     |  1- 3 |  4- 6 |  7- 9 || total
---------------------------+-------+-------+-------++-------
  Melee: Flail             |    62 |    30 |       ||    92
         Constrict         |    18 |    24 |    24 ||    66
         Tentacles         |     9 |    20 |    16 ||    45
         Whip              |       |    73 |    89 ||   162
         Punch             |       |     1 |     2 ||     3
  Throw: Dart              |       |       |     5 ||     5
    Use: Scroll            |       |     6 |     1 ||     7
         Potion            |       |       |     1 ||     1
   Stab: Sleeping          |     3 |    13 |    12 ||    28
 Armour: Skin              |     5 |     2 |     4 ||    11
  Dodge: Dodged            |    47 |    39 |    31 ||   117
  Block: Buckler           |    16 |    13 |    17 ||    46

Table legend: (Time is in decaauts)
 A = Elapsed time spent in this place.
 B = Non-inter-level travel time spent in this place.
 C = Inter-level travel time spent in this place.
 D = Time resting spent in this place.
 E = Time spent auto-exploring this place.
 F = Levels seen in this place.
 G = Mean time per level.
                   A        B        C        D        E       F      G
               +--------+--------+--------+--------+--------+-----+--------+
         Total |   3389 |   3276 |    113 |      9 |   2281 |   5 |  677.8 |
       Dungeon |   2757 |   2644 |    113 |      9 |   1807 |   4 |  689.2 |
         Sewer |    631 |    631 |      0 |      0 |    474 |   1 |  631.0 |
               +--------+--------+--------+--------+--------+-----+--------+

Top non-repeatable levels by time:
     D:3: 944 daAuts
     D:4: 776 daAuts
   Sewer: 631 daAuts
     D:2: 519 daAuts
     D:1: 517 daAuts
